Map: Backwater LE

Players

Snute

  • Race: Zerg Zerg
  • Spawn Location: 11:00

SpeCial - Winner!

  • Race: Terran Terran
  • Spawn Location: 5:00

Event: WCS Leipzig 2018

VOD

Have the link to the VOD?

Description

Time

  • Played on: Jan. 27, 2018, 1:54 p.m.
  • Length: 17:25

All games in this series

Show
View Real Time Build Order
Export as new Build Order

Snute Zerg 

Build Orders: Pool First 

Get SALT Encoding   

  12  0:00  Drone  
  13  0:12  Overlord  
  13  0:16  Drone  
  14  0:30  Drone x2  
  14  0:34  Drone  
  17  0:44  Spawning Pool  
  17  0:48  Drone  
  17  1:08  Hatchery  
  17  1:10  Drone  
  17  1:14  Drone  
  17  1:16  Extractor  
  17  1:19  Drone  
  18  1:30  Queen  
  20  1:33  Zergling x2  
  20  1:39  Overlord  
  21  1:49  Drone  
  22  2:00  Drone  
  23  2:06  Queen  
  25  2:11  Drone  
  26  2:16  Metabolic Boost  
  26  2:19  Queen  
  26  2:21  Drone  
  29  2:23  Drone  
  30  2:31  Drone  
  30  2:35  Extractor  
  30  2:36  Drone  
  31  2:40  Drone x3  
  35  2:46  Overlord  
  35  2:55  Drone, Spore Crawler  
  34  2:58  Drone  
  34  2:59  Overlord  
  34  3:04  Overlord  
  36  3:07  Drone  
  37  3:13  Drone x3  
  37  3:15  Drone  
  41  3:22  Drone  
  41  3:24  Zergling x2  
  43  3:28  Zergling x4  
  45  3:35  Hatchery  
  45  3:36  Drone  
  45  3:38  Drone  
  45  3:39  Drone  
  47  3:45  Drone  
  48  3:50  Drone  
  48  3:52  Queen  
  48  3:53  Queen  
  53  3:56  Drone  
  53  3:57  Drone  
  53  3:58  Drone  
  53  4:00  Drone  
  53  4:02  Drone  
  58  4:04  Overlord  
  58  4:07  Drone  
  58  4:08  Drone  
  60  4:14  Roach Warren  
  60  4:15  Extractor  
  58  4:18  Drone  
  58  4:19  Drone, Extractor  
  58  4:22  Overlord  
  58  4:27  Drone  
  59  4:35  Overlord  
  59  4:39  Overlord, Queen  
  59  4:44  Spore Crawler  
  59  4:45  Spore Crawler  
  59  4:46  Zergling x2  
  59  4:47  Zergling x4  
  62  4:54  Overlord  
  62  4:55  Roach x4  
  70  5:01  Roach  
  70  5:02  Roach x2  
  70  5:06  Roach  
  78  5:16  Drone x4  
  78  5:18  Drone  
  78  5:19  Lair  
  83  5:23  Evolution Chamber x2  
  83  5:25  Drone x2  
  83  5:28  Drone  
  83  5:29  Overlord  
  83  5:32  Drone x2  
  83  5:33  Drone  
  87  5:36  Extractor x2  
  87  5:39  Extractor  
  87  5:40  Drone x3  
  87  5:42  Drone  
  88  5:46  Overlord  
  87  5:53  Ravager  
  87  5:54  Ravager  
  87  5:57  Overlord  
  87  6:07  Drone x3  
  87  6:08  Drone x5  
  87  6:09  Drone x3  
  94  6:16  Drone x2  
  94  6:17  Drone x2  
  89  6:19  Drone  
  90  6:25  Glial Reconstitution  
  90  6:28  Roach x3  
  90  6:32  Queen  
  96  6:35  Roach  
  96  6:39  Infestation Pit, Zerg Missile Weapons Level 1  
  99  6:43  Zerg Ground Armor Level 1  
  99  6:46  Drone x4  
  103  6:54  Hydralisk Den  
  102  6:56  Ravager x4  
  106  7:02  Roach x3  
  106  7:03  Overlord  
  108  7:23  Roach x6  
  108  7:26  Hive  
  117  7:33  Drone  
  111  7:38  Ravager x3  
  111  7:41  Roach x2  
  111  7:42  Roach x2  
  122  7:49  Drone  
  122  7:57  Overlord  
  122  8:00  Muscular Augments  
  122  8:03  Hatchery  
  121  8:09  Overlord  
  118  8:27  Hydralisk  
  118  8:28  Hydralisk x3  
  118  8:32  Ravager x2  
  128  8:34  Zerg Missile Weapons Level 2  
  128  8:39  Overseer  
  128  8:40  Hatchery  
  125  8:54  Hydralisk x3  
  129  8:56  Overlord  
  129  8:57  Overlord x3  
  129  9:02  Spire  
  128  9:20  Viper x3  
  137  9:30  Hydralisk  
  132  9:40  Drone x7  
  132  9:41  Drone x4  
  132  9:42  Drone  
  132  9:44  Extractor x2  
  138  9:49  Zerg Ground Armor Level 2  
  138  9:51  Drone x4  
  138  9:52  Drone  
  143  9:57  Drone  
  144  10:01  Drone  
  145  10:08  Drone x2  
  147  10:18  Hydralisk x4  
  147  10:19  Hydralisk  
  156  10:27  Hydralisk x3  
  162  10:29  Ravager  
  162  10:30  Ravager x3  
  162  10:33  Greater Spire  
  158  10:44  Viper x2  
  158  10:48  Hydralisk x2  
  154  11:00  Overlord  
  154  11:03  Roach  
  154  11:04  Roach x6  
  166  11:05  Queen  
  166  11:10  Hatchery  
  167  11:15  Ultralisk Cavern, Queen  
  167  11:18  Overlord x2, Queen  
  168  11:26  Viper  
  168  11:31  Hydralisk x2  
  175  11:51  Hydralisk x8  
  175  11:54  Zergling x2  
  175  12:05  Hydralisk x3  
  175  12:06  Hydralisk  
  181  12:13  Overlord  
  177  12:19  Overlord  
  171  12:27  Hydralisk  
  171  12:28  Hydralisk  
  144  12:53  Hydralisk x4  
  144  12:54  Chitinous Plating  
  144  12:57  Hatchery  
  149  13:03  Viper x2  
  155  13:07  Extractor x2  
  147  13:15  Hydralisk  
  147  13:16  Hydralisk  
  147  13:19  Hydralisk  
  153  13:22  Drone  
  153  13:23  Drone x9  
  153  13:25  Drone  
  153  13:26  Drone  
  165  13:27  Ravager x2  
  167  13:37  Queen x2  
  171  13:42  Ultralisk  
  177  13:55  Ultralisk  
  175  13:56  Drone  
  175  13:57  Drone x5  
  175  14:01  Drone x3  
  184  14:05  Zerg Flyer Armor Level 1  
  184  14:15  Ultralisk  
  190  14:20  Ultralisk  
  134  14:46  Drone x2  
  134  14:47  Drone x4  
  134  14:48  Ultralisk x2  
  138  14:54  Zergling x14  
  139  15:01  Hydralisk  
  139  15:06  Hydralisk  
  141  15:07  Hydralisk  
  125  15:18  Hydralisk x2  
  125  15:24  Hydralisk  
  121  15:38  Viper x3  
  130  15:54  Ultralisk  
  128  16:11  Drone  
  128  16:12  Drone x7  
  128  16:13  Drone  
  121  16:28  Hydralisk x3  
  97  16:47  Hydralisk x5  
  101  16:54  Hydralisk x2  
Show
View Real Time Build Order
Export as new Build Order

SpeCial Terran - Winner!

Build Orders: Reaper Expand, Mech 

Get SALT Encoding   

  12  0:00  SCV  
  13  0:12  SCV  
  14  0:21  Supply Depot  
  14  0:24  SCV  
  15  0:42  SCV  
  16  0:43  Barracks  
  16  0:46  Refinery  
  16  0:54  SCV  
  17  1:06  SCV  
  18  1:19  SCV  
  19  1:30  Reaper  
  19  1:31  Orbital Command  
  20  1:40  Command Center  
  20  1:53  Supply Depot  
  20  1:56  SCV  
  21  2:02  Marine  
  21  2:08  SCV, Factory  
  22  2:13  Refinery  
  23  2:20  SCV  
  24  2:24  Barracks Reactor  
  24  2:32  SCV  
  25  2:45  SCV  
  26  2:57  SCV  
  27  2:59  Orbital Command  
  27  3:00  Starport  
  27  3:09  SCV  
  27  3:11  Hellion x2  
  31  3:21  SCV  
  31  3:26  SCV  
  33  3:33  SCV  
  38  3:37  Viking  
  38  3:38  SCV  
  38  3:40  Supply Depot, Fusion Core  
  37  3:45  SCV  
  38  3:50  SCV  
  38  3:51  Command Center  
  39  3:57  SCV  
  39  4:00  Hellion x2  
  39  4:02  SCV  
  45  4:04  Supply Depot  
  45  4:08  Starport Tech Lab  
  45  4:09  SCV  
  46  4:14  SCV  
  46  4:16  Supply Depot, Liberator  
  47  4:21  SCV, Hellion  
  47  4:23  Hellion  
  52  4:26  SCV  
  52  4:27  Advanced Ballistics  
  53  4:36  SCV  
  57  4:38  SCV  
  57  4:42  Refinery  
  57  4:44  Hellion, Refinery  
  60  4:46  Hellion  
  60  4:50  SCV  
  60  4:51  SCV  
  64  4:59  Liberator  
  64  5:02  SCV  
  64  5:03  SCV  
  66  5:07  Orbital Command  
  66  5:09  Hellion x2  
  70  5:14  SCV  
  70  5:15  SCV  
  70  5:20  Armory  
  75  5:24  Armory  
  75  5:26  SCV  
  76  5:29  SCV  
  76  5:34  Cyclone  
  80  5:37  SCV, Bunker  
  80  5:38  SCV  
  80  5:41  SCV  
  83  5:49  SCV, Cyclone  
  85  5:50  SCV  
  85  5:53  SCV  
  85  5:56  Liberator  
  85  6:03  SCV, Supply Depot  
  85  6:04  SCV, Marine  
  85  6:05  Supply Depot  
  85  6:09  Hellion  
  85  6:10  SCV  
  82  6:16  Factory x2  
  85  6:22  Supply Depot  
  85  6:25  SCV x3, Hellion, Terran Vehicle Weapons Level 1  
  90  6:30  Barracks Tech Lab  
  90  6:31  Hellion  
  92  6:37  Refinery x2, SCV x3  
  95  6:45  Supply Depot  
  97  6:47  Hellion, Supply Depot  
  97  6:49  SCV x3  
  97  6:50  Barracks Reactor  
  97  6:52  Hellion  
  102  7:01  SCV x2  
  102  7:02  SCV  
  102  7:05  Starport Reactor  
  107  7:08  Hellion  
  107  7:10  Supply Depot  
  107  7:12  Factory Tech Lab, Terran Vehicle And Ship Armor Level 1  
  107  7:13  Hellion, SCV x2  
  105  7:16  SCV  
  98  7:26  SCV x2, Siege Tank  
  98  7:27  Liberator  
  98  7:28  Liberator  
  98  7:29  Hellion  
  106  7:30  SCV  
  106  7:38  SCV x2  
  106  7:39  Hellion, Siege Tank, Factory x2  
  113  7:50  Command Center  
  113  7:51  Hellion  
  118  7:58  Siege Tank  
  118  8:00  Hellion  
  118  8:03  Supply Depot  
  119  8:11  Siege Tank  
  119  8:12  Hellion  
  124  8:14  Command Center  
  124  8:20  SCV x2  
  124  8:21  SCV, Hellion  
  124  8:23  Factory Tech Lab, Factory Reactor  
  129  8:30  Viking x2, Siege Tank  
  129  8:32  SCV  
  129  8:34  Hellion  
  139  8:43  Refinery, Hellion  
  139  8:45  Siege Tank  
  139  8:47  Supply Depot  
  139  8:48  Supply Depot  
  141  8:55  Hellion  
  141  8:57  Terran Vehicle Weapons Level 2  
  141  9:00  Refinery  
  141  9:02  Hellion x2, Viking x2, Siege Tank  
  151  9:03  Siege Tank  
  151  9:04  Hellion  
  151  9:08  Command Center  
  151  9:09  Engineering Bay  
  154  9:17  Hellion  
  154  9:18  Siege Tank  
  154  9:22  Hellion x3, Supply Depot  
  159  9:25  Hellion  
  159  9:28  Orbital Command  
  157  9:32  Viking x2  
  157  9:33  Hellion x2  
  157  9:34  Siege Tank  
  157  9:36  Siege Tank  
  166  9:39  Hellion  
  166  9:45  Liberator x2, Planetary Fortress  
  159  9:47  Hellion  
  161  9:57  Hellion x2  
  161  9:59  Siege Tank  
  168  10:00  Hellion  
  168  10:06  Siege Tank  
  179  10:08  Hellion  
  178  10:18  Terran Vehicle And Ship Armor Level 2  
  178  10:20  Infernal Pre-Igniter  
  176  10:21  Hellion  
  170  10:29  Hellion x2  
  170  10:30  Hellion, Siege Tank  
  170  10:32  Siege Tank  
  182  10:39  Hellion  
  147  10:51  Hellion x3  
  147  10:54  Planetary Fortress  
  147  10:55  Command Center  
  147  10:56  Refinery x2  
  146  11:00  Hellion, Command Center, Siege Tank  
  146  11:01  Viking x2  
  146  11:02  Siege Tank  
  158  11:10  Factory x2  
  158  11:13  Hellion  
  158  11:14  Siege Tank  
  158  11:18  Hellion x2  
  167  11:31  Viking x2  
  167  11:32  Siege Tank  
  174  11:36  Hellion x2, Siege Tank  
  174  11:39  Hellion  
  183  11:46  Siege Tank  
  183  11:54  Hellion  
  185  12:01  Viking  
  185  12:03  Hellion  
  185  12:04  Siege Tank  
  185  12:06  Hellion  
  185  12:07  Hellion  
  185  12:08  Siege Tank  
  191  12:10  Factory Reactor  
  191  12:11  Factory Tech Lab  
  191  12:15  Viking  
  193  12:16  Hellion  
  193  12:18  Hellion  
  191  12:28  Starport  
  191  12:29  Starport  
  191  12:30  Starport  
  191  12:31  Viking  
  191  12:36  Siege Tank  
  182  12:37  Hellion x2  
  182  12:38  Siege Tank  
  182  12:39  Siege Tank  
  182  12:40  Hellion  
  182  12:42  Hellion  
  150  12:45  Terran Vehicle Weapons Level 3  
  150  12:46  Terran Vehicle And Ship Armor Level 3  
  150  12:50  Hellion, Siege Tank  
  150  12:51  Hellion  
  151  12:53  Viking  
  151  12:56  Orbital Command  
  150  13:03  Liberator  
  150  13:05  Hellion x3  
  156  13:08  Siege Tank  
  156  13:10  Hellion, Siege Tank  
  156  13:11  Siege Tank  
  161  13:21  Liberator  
  161  13:23  Siege Tank  
  161  13:26  Viking  
  166  13:28  Orbital Command  
  166  13:33  Planetary Fortress  
  166  13:40  Siege Tank  
  166  13:41  Viking  
  174  13:43  Hellion  
  174  13:45  Siege Tank  
  179  13:48  Liberator x2  
  179  13:51  Hellion  
  179  13:54  Siege Tank  
  179  13:55  Hellion  
  168  14:03  Refinery, Missile Turret x2  
  168  14:09  Viking  
  176  14:12  Smart Servos  
  176  14:13  Barracks Tech Lab  
  176  14:14  Hellion  
  176  14:15  Liberator  
  178  14:19  Hellion x2, Siege Tank  
  178  14:21  Hellion, Liberator  
  187  14:35  Hellion  
  187  14:37  Hellion, Siege Tank  
  192  14:40  Hellion  
  192  14:42  Hellion  
  174  14:46  Hellion, Liberator  
  174  14:48  Liberator x2  
  174  14:49  Hellion, Siege Tank  
  169  14:55  Hellion, Siege Tank  
  167  15:11  Siege Tank  
  167  15:12  Hellion x5  
  155  15:16  Hellion, Siege Tank  
  155  15:19  Hellion  
  155  15:20  Liberator  
  155  15:21  Siege Tank  
  165  15:26  Refinery, Terran Ship Weapons Level 1  
  165  15:30  Hellion, Siege Tank  
  160  15:35  Liberator  
  160  15:36  Hellion, Liberator  
  158  15:43  Thor  
  164  15:53  Liberator  
  164  15:55  Siege Tank x2  
  176  16:03  Liberator x2, Siege Tank  
  178  16:08  Hellion x2  
  185  16:18  Hellion, Liberator x2  
  171  16:26  Siege Tank  
  165  16:38  Hellion x2, Siege Tank  
  173  16:45  Hellion x2, Siege Tank x2  
  173  16:46  Hellion  
  182  16:53  Hellion  
  187  17:00  Hellion  
Tags
 
Add a new tag
Caveats
  • Supply blocks, unpowered buildings, or Contaminate may cause inaccurate times.
  • Supply counts are checked every 10 seconds.